AoeStats
← DK3175

Arena

510428940Analyzed
2v2 RM · 1d ago on Oct 1, 2026· 54m 0s· 4 players
Game mode
Random Map
Map size
Medium (4 player)
Population
200
Speed
Normal
Resources
Standard
Victory
Conquest
Starting age
Dark Age
Ending age
Imperial Age
RankedLock teamsTeams togetherTeam positionsShared explorationLock speedFull tech treeHidden civsTurbo modeCheats
Victory
Defeat
🇳🇿 Hindustanis · New Zealand
747
+5
🇺🇸 Byzantines · United States
738
+5
🇧🇷 Celts · Brazil
594
-8
🇦🇺 Japanese · Australia
204
-2
NATO♥ ҉
0:52 Loom
12:46 Feudal Age
14:29 Wheelbarrow
13:40 Town Watch
25:26 Castle Age
26:47 Hand Cart
26:33 Town Patrol
28:24 Double-Bit Axe
31:20 Caravan
32:21 Yasama
40:44 Bow Saw
44:26 Horse Collar
47:42 Husbandry
el forasteiro
10:03 Feudal Age
11:21 Wheelbarrow
10:34 Double-Bit Axe
11:21 Town Watch
16:14 Horse Collar
22:26 Castle Age
23:08 Scale Mail Armor
23:20 Forging
23:01 Fletching
24:23 Pikeman
25:49 Iron Casting
25:29 Chain Mail Armor
25:15 Padded Archer Armor
25:59 Fortified Wall
27:15 Masonry
29:16 Stone Mining
29:16 Gold Mining
29:29 Heavy Plow
30:06 Bow Saw
31:11 Hand Cart
31:59 Stone Shaft Mining
32:35 Town Patrol
39:59 Imperial Age
38:07 Fervor
38:18 Sanctity
41:08 Elite Woad Raider
42:10 Halberdier
43:49 Ballistics
44:30 Chemistry
43:45 Capped Ram
47:27 Bodkin Arrow
48:33 Blast Furnace
NATIVE RADIX
2:54 Loom
12:55 Feudal Age
13:49 Horse Collar
15:10 Gold Mining
15:10 Double-Bit Axe
18:37 Wheelbarrow
20:56 Castle Age
20:12 Fletching
20:28 Stone Mining
23:09 Hand Cart
22:58 Heavy Plow
24:22 Bodkin Arrow
26:03 Stone Shaft Mining
31:26 Forging
31:23 Scale Barding Armor
31:33 Bow Saw
32:57 Gold Shaft Mining
33:01 Caravan
34:51 Iron Casting
34:26 Greek Fire
35:13 Chain Barding Armor
35:08 Light Cavalry
35:49 Husbandry
36:36 Pikeman
42:25 Imperial Age
41:59 Padded Archer Armor
44:05 Conscription
44:26 Hoardings
47:31 Hussar
49:05 Elite Cataphract
50:22 Cavalier
51:36 Guilds
51:57 Coinage
51:48 Paladin
DK3175
12:18 Feudal Age
18:02 Castle Age
16:03 Double-Bit Axe
21:48 Horse Collar
24:59 Heavy Plow
26:43 Bloodlines
26:58 Bow Saw
27:26 Wheelbarrow
29:14 Hand Cart
30:18 Forging
30:15 Scale Barding Armor
31:37 Iron Casting
32:08 Chain Barding Armor
31:59 Husbandry
35:34 Imperial Age
36:40 Conscription
36:05 Heavy Camel Rider
37:51 Blast Furnace
37:37 Plate Barding Armor
37:39 Imperial Camel Rider
42:41 Siege Elephant
Connection lost

Rejoining the realm…

Still unreachable

The connection could not be restored.

Session expired

The server has moved on; the page needs a fresh start.